 Dungeon Crawl Stone Soup version 0.30-a0-578-gdee14c521f (webtiles) character file.

Game seed: 3009502787562725374

5345 wormed the Cleaver (level 10, -1/79 HPs)
             Began as a Demonspawn Fighter on Jan 1, 2023.
             Was a Believer of Okawaru.
             Succumbed to an orc warrior's poison
             ... on level 9 of the Dungeon.
             The game lasted 00:19:06 (10723 turns).

wormed the Cleaver (Demonspawn Fighter)            Turns: 10723, Time: 00:19:07

Health: -1/79      AC: 19    Str: 21    XL:     10   Next: 38%
Magic:  5/10       EV:  5    Int: 10    God:    Okawaru [**....]
Gold:   761        SH: 10    Dex: 16    Spells: 9/9 levels left

rFire   + . .      SeeInvis .    k - +2 whip (elec)
rCold   . . .      Faith    .    H - +0 kite shield
rNeg    + . .      Spirit   +    m - +0 plate armour
rPois   .          Reflect  .    i - +0 helmet
rElec   .          Harm     .    (no cloak)
rCorr   .          Rampage  .    h - +1 pair of gloves
Will    +....                    a - +1 pair of boots Stlth
                                 A - amulet "Cyumuargh" {RegenMP rF+ Dex+4 Stlth+}
HPRegen 0.33/turn                p - ring of willpower
MPRegen 0.64/turn                w - ring of positive energy

@: lethally poisoned (-1 -> -17)
A: claws 2, powered by death 2, magic shield, magic regeneration
a: Renounce Religion, Heroism


You were on level 9 of the Dungeon.
You worshipped Okawaru.
Okawaru was pleased with you.
You visited 3 branches of the dungeon, and saw 12 of its levels.

You collected 761 gold pieces.

Inventory:

Hand Weapons
 k - a +2 whip of electrocution (weapon)
Missiles
 q - 9 poisoned darts (quivered)
 z - 6 datura-tipped darts
Armour
 a - a +1 pair of boots (worn)
 h - a +1 pair of gloves (worn)
 i - a +0 helmet (worn)
 m - a +0 plate armour (worn)
 H - a +0 kite shield (worn)
Jewellery
 p - a ring of willpower (left hand)
 w - a ring of positive energy (right hand)
 A - the amulet "Cyumuargh" (around neck) {RegenMP rF+ Dex+4 Stlth+}
   (You found it on level 7 of the Dungeon)

   [amulet of magic regeneration]

   It increases your rate of magic regeneration.
   Dex:       It affects your dexterity (+4).
   rF:        It protects you from fire.
   Stlth:     It makes you more stealthy.
Wands
 F - a wand of flame (6)
Scrolls
 e - 2 scrolls of silence
 j - 5 scrolls of noise
 l - 2 scrolls of fear
 o - a scroll of blinking
 r - 5 scrolls of teleportation
 y - 2 scrolls of immolation {unknown}
 C - a scroll of amnesia {unknown}
 E - a scroll of brand weapon {unknown}
Potions
 b - 5 potions of mutation
 d - a potion of flight
 g - 4 potions of lignification
 n - a potion of attraction
 t - 2 potions of ambrosia
 u - a potion of haste
 v - 3 potions of berserk rage {unknown}
 x - 4 potions of degeneration {unknown}
 B - 2 potions of brilliance {unknown}
 D - a potion of resistance {unknown}
 G - a potion of magic {unknown}


   Skills:
 + Level 7.6 Fighting
 * Level 9.2 Axes
 + Level 6.9 Armour
 + Level 6.9 Shields


You had 9 spell levels left.
You didn't know any spells.
Your spell library contained the following spells:

 Spells                   Type           Power      Damage    Failure   Level
 Beastly Appendage        Tmut           0%         N/A       100%        1
 Blink                    Tloc           0%         N/A       100%        2
 Wereblood                Tmut           0%         N/A       100%        2
 Spider Form              Tmut/Pois      0%         N/A       100%        3
 Manifold Assault         Tloc           0%         N/A       100%        4
 Storm Form               Tmut/Air       0%         N/A       100%        7


Dungeon Overview and Level Annotations

Branches:
Dungeon (10/15)            Temple (1/1) D:7            Lair (0/5) D:8
    Orc (1/2) D:9

Altars:
Ashenzari
Cheibriados
Dithmenos
Fedhas
Gozag
Hepliaklqana
Kikubaaqudgha
Makhleb
Nemelex Xobeh
Okawaru
Qazlal
Ru
Sif Muna
Trog
Uskayaw
Vehumet
Wu Jian
Xom
Yredelemnul

Shops:
D:1 !

Annotations:
D:10 Erolcha, Sonja


Innate Abilities, Weirdness & Mutations

You have very sharp fingernails.
You regenerate health from kills.
When hurt, damage is shared between your health and your magic reserves.
You regenerate magic rapidly.


Message History

You are too confused!
You bump into the rock wall.
* * * LOW HITPOINT WARNING * * *
You feel very sick. The orc hits you with a +0 dagger.
* * * LOW HITPOINT WARNING * * *
The orc warrior hits you but does no damage.
You hit the orc warrior but do no damage.
* * * LOW HITPOINT WARNING * * *
You feel very sick. The orc hits you but does no damage.
The orc warrior barely misses you.
You bump into the rock wall.
You feel very sick. The orc hits you with a +0 dagger.
* * * LOW HITPOINT WARNING * * *
The orc warrior hits you with a +2 glaive of venom.
* * * LOW HITPOINT WARNING * * *
You are too confused!
You are too confused!
You hit the orc warrior but do no damage.
Lightning courses through the orc warrior!!
The orc warrior is heavily wounded.
You feel very sick. The orc barely misses you.
The orc warrior hits you with a +2 glaive of venom!
* * * LOW HITPOINT WARNING * * *
You are more poisoned.
You are too confused!
The orc warrior attacks as you move away!
The orc warrior hits you with a +2 glaive of venom!
* * * LOW HITPOINT WARNING * * *
You feel less invigorated.
You feel less confused.
* * * LOW HITPOINT WARNING * * *
You feel very sick. You block the orc warrior's attack.
As you read the scroll of fear, it crumbles to dust.
You assume a fearsome visage.
The orc looks frightened!
The orc warrior looks frightened!
You die...

#................#
###................#
#............##....'
#................[.#
#..................#
#..................#
######§.............
#§§o§.............
#@o§§.............
#§§§§.............
#§§§......##......
#.........##......
#......#####......
#......# #......
#......# #......
######## #......
#######


You could see an orc warrior (fleeing) and an orc (fleeing).

Vanquished Creatures
  Erica (D:8)
  A troll (D:8)
  Prince Ribbit (D:7)
  2 wraiths
  3 yaks (D:9)
  4 steam dragons
  A water moccasin (D:8)
  An acid dragon (D:8)
  3 orc warriors
  A black bear (D:6)
  4 centaurs
  A phantom (D:8)
  A kobold brigand (D:8)
  A necrophage (D:7)
  A scorpion (D:5)
  7 wights
  A troll zombie (D:9)
  6 killer bees (D:9)
  2 howler monkeys
  3 hounds (D:5)
  2 jellies
  15 orc priests
  A gnoll bouda (D:8)
  2 iguanas
  10 orc wizards
  7 ogre zombies (D:9)
  4 gnolls
  8 adders
  2 shadow imps
  2 white imps
  2 ufetubi (D:4)
  A worm (D:4)
  27 orcs
  7 endoplasms
  3 giant cockroaches
  2 goblins
  4 hobgoblins
  4 jackals (D:2)
  2 quokkas
  8 ball pythons
  2 bats
  3 frilled lizards (D:2)
  4 goblin skeletons (D:9)
  5 goblin zombies (D:9)
  A hobgoblin skeleton (D:9)
  3 hobgoblin zombies (D:9)
  11 kobolds
  2 orc skeletons (D:9)
  10 orc zombies (D:9)
  6 rats
205 creatures vanquished.

Vanquished Creatures (others)
  A bullfrog (D:7)
  3 howler monkeys (D:7)
4 creatures vanquished.

Grand Total: 209 creatures vanquished

Notes
Turn   | Place    | Note
-------+----------+-------------------------------------------
     0 | D:1      | wormed the Demonspawn Fighter began the quest for the Orb.
     0 | D:1      | Reached XP level 1. HP: 18/18 MP: 1/1
   158 | D:1      | Reached skill level 2 in Axes
   158 | D:1      | Gained mutation: You regenerate magic rapidly. [demonic
                  | ancestry]
   158 | D:1      | Reached XP level 2. HP: 23/24 MP: 2/2
   236 | D:1      | Found Caolerura's Distillery.
   717 | D:2      | Gained mutation: You have sharp fingernails. [demonic
                  | ancestry]
   717 | D:2      | Reached XP level 3. HP: 14/29 MP: 3/3
  1444 | D:1      | Reached XP level 4. HP: 24/35 MP: 4/4
  2163 | D:3      | You fall into a shaft and drop 3 floors!
  2175 | D:6      | Reached skill level 3 in Axes
  2286 | D:6      | Gained mutation: You regenerate a little health from kills.
                  | [demonic ancestry]
  2286 | D:6      | Reached XP level 5. HP: 31/42 MP: 5/5
  2295 | D:6      | Noticed an orc warrior
  2390 | D:5      | Entered Level 5 of the Dungeon
  2702 | D:4      | Noticed an ogre
  3528 | D:4      | Gained mutation: You have very sharp fingernails. [demonic
                  | ancestry]
  3528 | D:4      | Reached XP level 6. HP: 38/48 MP: 6/6
  3675 | D:4      | Reached skill level 4 in Axes
  4469 | D:5      | Gained mutation: When hurt, damage is shared between your
                  | health and your magic reserves. [demonic ancestry]
  4469 | D:5      | Reached XP level 7. HP: 49/55 MP: 7/7
  5322 | D:5      | Reached skill level 5 in Axes
  5446 | D:5      | Found a hide-covered altar of Uskayaw.
  5447 | D:5      | Noticed a +0 dagger
  5447 | D:5      | Noticed a +0 hand axe
  5747 | D:6      | Reached skill level 5 in Fighting
  5772 | D:6      | Reached XP level 8. HP: 51/62 MP: 8/8
  5985 | D:6      | Reached skill level 6 in Axes
  6004 | D:6      | Reached skill level 5 in Armour
  6004 | D:6      | Reached skill level 5 in Shields
  6935 | D:7      | Reached skill level 7 in Axes
  7035 | D:7      | Reached XP level 9. HP: 55/69 MP: 9/9
  7086 | D:7      | Identified the amulet "Cyumuargh" {RegenMP rF+ Dex+4
                  | Stlth+}
  7578 | D:7      | Noticed Prince Ribbit
  7619 | D:7      | Killed Prince Ribbit
  7777 | D:7      | Found a staircase to the Ecumenical Temple.
  8061 | Temple   | Entered the Ecumenical Temple
  8346 | Temple   | Became a worshipper of Warmaster Okawaru
  8507 | D:8      | Found a staircase to the Lair.
  8674 | D:8      | Noticed a troll
  8684 | D:8      | Killed a troll
  8685 | D:8      | Reached skill level 8 in Axes
  8771 | D:8      | Reached * piety under Okawaru
  9062 | D:9      | Noticed Erica
  9063 | D:9      | Found a staircase to the Orcish Mines.
  9086 | D:8      | Killed Erica
  9310 | D:9      | Gained mutation: You regenerate health from kills. [demonic
                  | ancestry]
  9310 | D:9      | Reached XP level 10. HP: 74/79 MP: 10/10
  9582 | D:9      | Reached ** piety under Okawaru
  9608 | D:9      | Reached skill level 9 in Axes
 10609 | Orc:1    | Entered Level 1 of the Orcish Mines
 10619 | D:10     | Entered Level 10 of the Dungeon
 10619 | D:10     | Noticed Sonja
 10664 | D:10     | Noticed Erolcha
 10722 | D:9      | HP: 3/79 [orc warrior/+2 glaive of venom (6)]
 10723 | D:9      | Succumbed to an orc warrior's poison

Illustrated notes

Levels and vault maps discovered:
D:1:      lightli_arrival_boilingwater, layout_loops_ring, serial_shops, shop,
          serial_bayou_pond_a
D:2:      layout_basic, chequers_serial_rivers_marsh, minmay_unequal
D:3:      layout_loops_cross, minmay_statues_item, kennysheep_cluttered_room,
          minivault_4
D:4:      layout_cave_pods
D:5:      layout_cave_pods, dancing_weapons_uskayaw
D:6:      layout_basic
D:7:      layout_cave_pods, lemuel_temple_firewalk_b, uniq_prince_ribbit1
D:8:      layout_basic, dpeg_oklobed_lair
D:9:      layout_basic, zombieorc2_lemuel, uniq_erica
D:10:     layout_basic, minmay_misc_feat_hallway, david_defended_altar_orc,
          uniq_sonja, uniq_maggie, uniq_erolcha
Temple:   regret_index_temple_sigil_plot
Orc:1:    layout_diamond_mine, nicolae_shop_overcharged_wands, uniq_fannar

Skill      XL: |  1  2  3  4  5  6  7  8  9 10 |
---------------+-------------------------------+-----
Axes           | 2 3 4 5 7 8 9 |  9.2
Shields        | 3 4 5 6 |  6.9
Armour         | 3 4 5 6 |  6.9
Fighting       | 4 5 6 7 |  7.6

Action                   |  1- 3 |  4- 6 |  7- 9 | 10-12 || total
-------------------------+-------+-------+-------+-------++-------
Melee: War axe           |    12 |       |       |       ||    12
       Whip              |   104 |   140 |   403 |   241 ||   888
Throw: Dart              |       |     1 |    10 |       ||    11
Evoke: Wand              |       |     1 |       |       ||     1
  Use: Potion            |     1 |     3 |     5 |     1 ||    10
       Scroll            |       |    11 |     6 |     8 ||    25
Armor: Scale mail        |    63 |    45 |       |       ||   108
       Ring mail         |       |    21 |    52 |       ||    73
       Plate armour      |       |       |   174 |   173 ||   347
Dodge: Dodged            |    51 |    72 |   124 |    78 ||   325
Block: Buckler           |    30 |    30 |   100 |    73 ||   233
       Kite shield       |       |       |       |     8 ||     8

Table legend: (Time is in decaauts)
 A = Elapsed time spent in this place.
 B = Non-inter-level travel time spent in this place.
 C = Inter-level travel time spent in this place.
 D = Time resting spent in this place.
 E = Time spent auto-exploring this place.
 F = Levels seen in this place.
 G = Mean time per level.
                   A        B        C        D        E       F      G
               +--------+--------+--------+--------+--------+-----+--------+
         Total |  10735 |  10102 |    633 |    267 |   7521 |  12 |  894.6 |
       Dungeon |  10422 |   9828 |    594 |    267 |   7268 |  10 | 1042.2 |
        Temple |    311 |    272 |     39 |      0 |    253 |   1 |  311.0 |
  Orcish Mines |      1 |      1 |      0 |      0 |      0 |   1 |    1.0 |
               +--------+--------+--------+--------+--------+-----+--------+

Top non-repeatable levels by time:
     D:5: 1744 daAuts
     D:7: 1601 daAuts
     D:8: 1177 daAuts
     D:4: 1161 daAuts
     D:9: 1068 daAuts
     D:6: 1001 daAuts
     D:2: 996 daAuts
     D:3: 926 daAuts
     D:1: 738 daAuts
  Temple: 311 daAuts
    D:10: 5 daAuts
   Orc:1: 1 daAuts
